 Dungeon Crawl Stone Soup version 0.28-a0-60-g54b5640690 (webtiles) character file.

Game seed: 18182805305352238536

317 backslashecho the Chopper (level 6, -2/56 HPs)
             Began as a Hill Orc Monk on July 31, 2021.
             Slain by Sigmund (10 damage)
             ... on level 3 of the Dungeon.
             The game lasted 00:06:42 (3990 turns).

backslashecho the Chopper (Hill Orc Monk)           Turns: 3990, Time: 00:06:42

Health: -2/56      AC: 15    Str: 16    XL:     6   Next: 45%
Magic:  6/6        EV:  5    Int: 10    God:
Gold:   113        SH:  0    Dex: 13    Spells: 5/5 levels left

rFire   . . .      SeeInvis .   a - +0 war axe
rCold   . . .      Faith    .   (no shield)
rNeg    . . .      Spirit   .   k - +0 plate armour
rPois   .          Reflect  .   (no helmet)
rElec   .          Harm     .   (no cloak)
rCorr   .          Rampage  .   (no gloves)
Will    .....                   (no boots)
Stlth   ..........              (no amulet)
HPRegen 0.18/turn               b - +4 ring of protection
MPRegen 0.10/turn               (no ring)

@: attractive
A: no striking features
a: no special abilities


You were on level 3 of the Dungeon.
You visited 1 branch of the dungeon, and saw 3 of its levels.

You collected 113 gold pieces.

Inventory:

Hand Weapons
 a - a +0 war axe (weapon)
Armour
 k - a +0 plate armour (worn)
Jewellery
 b - a +4 ring of protection (left hand)
Scrolls
 d - a scroll of fog {unknown}
 j - a scroll of fear {unknown}
Potions
 c - a potion of attraction
 g - a potion of brilliance {unknown}
 h - a potion of resistance
 i - a potion of might {unknown}


   Skills:
 + Level 5.1 Fighting
 * Level 7.0 Axes
 + Level 3.1 Armour
 - Level 2.4 Dodging
 - Level 1.5 Stealth
 - Level 1.0 Unarmed Combat


You had 5 spell levels left.
You didn't know any spells.
Your spell library contained the following spells:

 Spells                   Type           Power      Damage    Failure   Level
 Ensorcelled Hibernation  Hex/Ice        0%         N/A       100%        2
 Frozen Ramparts          Ice            0%         1d2       100%        3
 Spider Form              Tmut/Pois      0%         N/A       100%        3
 Ice Form                 Ice/Tmut       0%         N/A       100%        4
 Summon Ice Beast         Ice/Summ       0%         N/A       100%        4
 Shadow Creatures         Summ           N/A        N/A       100%        6


Dungeon Overview and Level Annotations

Branches:
Dungeon (3/15)

Altars:
Elyvilon

Shops:
D:2 =

Annotations:
D:3 Sigmund


Message History

Something tries to affect you, but you resist.
You miss something. Something hits you but does no damage.
You bump into the rock wall.
Something hits you but does no damage.
You miss something. Something hits you!
You take 9 damage, and have 47/56 hp.
You completely miss something. Something hits you.
You take 4 damage, and have 43/56 hp.
Something hits you. Something is pulled toward you!
You take 4 damage, and have 39/56 hp.
Something hits you! Something is pulled toward you!
You see here a +0 club.
You take 9 damage, and have 30/56 hp.
You hear some strange, mumbled words.
A magic dart appears from out of thin air!
The magic dart hits you.
You take 6 damage, and have 24/56 hp.
Your plate armour prevents you from hitting something.
Something completely misses you.
You bump into the rock wall.
Something hits you!
* * * LOW HITPOINT WARNING * * *
You take 8 damage, and have 16/56 hp.
You feel less confused.
You hear some strange, mumbled words.
You are confused.
Something hits you.
* * * LOW HITPOINT WARNING * * *
Something is pulled toward you!
You take 1 damage, and have 16/56 hp.
Something hits you.
* * * LOW HITPOINT WARNING * * *
You take 4 damage, and have 12/56 hp.
Something hits you!
* * * LOW HITPOINT WARNING * * *
You take 11 damage, and have 1/56 hp.
It was a potion of magic.
Magic courses through your body.
You hear some strange, mumbled words.
A magic dart appears from out of thin air!
The magic dart hits you but does no damage.
It was a potion of curing.
You feel better. Something hits you!
You die...

####..≈.≈._.≈§
##########.....≈.≈...≈.
#...........##.≈.§≈.≈≈.
#........#.###.≈.......
#..........# #.≈≈≈≈≈≈≈≈
#........### #........)
#.......########..##.##
#.......# #.<).....#.##
#.....@.# #..(.....#...
#.....{.# #............
#.....).###......))####
####......#....)..>#
##_.....).###.#####
#..).....).##.##
#.)........##<.#
#............#...#
#.>........#.......#


There were no monsters in sight!

Vanquished Creatures
  An orc priest (D:3)
  Terence (D:3)
  An orc wizard (D:3)
  Natasha (thrice) (D:2)
  2 adders
  7 gnolls (D:3)
  A worm (D:2)
  2 dart slugs
  5 orcs
  8 ball pythons
  An endoplasm (D:1)
  5 giant cockroaches
  9 goblins
  4 hobgoblins
  5 jackals
  6 kobolds
  A quokka (D:3)
  2 bats
  6 frilled lizards
  2 rats (D:1)
72 creatures vanquished.

Notes
Turn   | Place    | Note
-------+----------+-------------------------------------------
     0 | D:1      | backslashecho the Hill Orc Monk began the quest for the
                  | Orb.
     0 | D:1      | Reached XP level 1. HP: 19/19 MP: 1/1
   357 | D:1      | Reached XP level 2. HP: 27/27 MP: 2/2
   955 | D:1      | Reached skill level 1 in Armour
   960 | D:1      | Reached skill level 1 in Unarmed Combat
  1019 | D:1      | Reached XP level 3. HP: 25/33 MP: 3/3
  2275 | D:2      | Found Wydin Amo's Jewellery Shoppe.
  2343 | D:2      | Reached skill level 5 in Axes
  2417 | D:3      | Noticed Natasha
  2442 | D:3      | Reached XP level 4. HP: 26/40 MP: 4/4
  2451 | D:2      | Killed Natasha
  2606 | D:2      | Noticed Natasha
  2621 | D:2      | Killed Natasha
  2888 | D:3      | Found a white marble altar of Elyvilon.
  2888 | D:3      | Noticed Sigmund
  2897 | D:3      | Reached skill level 6 in Axes
  2897 | D:3      | Reached XP level 5. HP: 22/47 MP: 5/5
  2902 | D:2      | Noticed Natasha
  2915 | D:2      | Killed Natasha
  3144 | D:3      | Reached XP level 6. HP: 21/55 MP: 6/6
  3289 | D:3      | Found a faded altar of an unknown god.
  3380 | D:3      | Reached skill level 5 in Fighting
  3607 | D:3      | Noticed Terence
  3625 | D:3      | Killed Terence
  3626 | D:3      | Reached skill level 7 in Axes
  3988 | D:3      | HP: 1/56 [something (11)]
  3990 | D:3      | Slain by Sigmund

Illustrated notes

Levels and vault maps discovered:
D:1:      sevenhm_arrival_forest_fort_large_1, layout_loops_ring,
          roderic_lattice_a
D:2:      layout_rooms, serial_shops, shop
D:3:      layout_rooms, nzn_wu_jian_council_hall,
          mainiacjoe_overflow_concentric_impassable, basic_ecumenical_altar,
          uniq_sigmund, uniq_terence, uniq_natasha

Skill      XL: |  1  2  3  4  5  6 |
---------------+-------------------+-----
Armour         | 1 2 3 |  3.1
Unarmed Combat | 1 |  1.0
Fighting       | 4 5 |  5.1
Axes           | 5 6 7 |  7.0
Dodging        | |  2.4
Stealth        | |  1.5

Action                   |  1- 3 |  4- 6 || total
-------------------------+-------+-------++-------
Melee: Hand axe          |    75 |       ||    75
       War axe           |    61 |   133 ||   194
  Use: Potion            |       |     5 ||     5
       Scroll            |       |     2 ||     2
 Stab: Sleeping          |     3 |       ||     3
Armor: Robe              |    21 |       ||    21
       Plate armour      |    10 |   123 ||   133
Dodge: Dodged            |    85 |    27 ||   112

Table legend: (Time is in decaauts)
 A = Elapsed time spent in this place.
 B = Non-inter-level travel time spent in this place.
 C = Inter-level travel time spent in this place.
 D = Time resting spent in this place.
 E = Time spent auto-exploring this place.
 F = Levels seen in this place.
 G = Mean time per level.
                   A        B        C        D        E       F      G
               +--------+--------+--------+--------+--------+-----+--------+
         Total |   4058 |   3924 |    134 |    819 |   2280 |   3 | 1352.7 |
       Dungeon |   4058 |   3924 |    134 |    819 |   2280 |   3 | 1352.7 |
               +--------+--------+--------+--------+--------+-----+--------+

Top non-repeatable levels by time:
     D:1: 2000 daAuts
     D:2: 1120 daAuts
     D:3: 937 daAuts
